 Dungeon Crawl Stone Soup version 0.22.0-18-ge075c0d (webtiles) character file.

17521 Americanboy the Spear-Bearer (level 12, 0/112 HPs)
             Began as a Minotaur Fighter on Aug 18, 2018.
             Was the Champion of Cheibriados.
             Slain by an orc warrior
             ... wielding a +1 halberd of chopping
              (10 damage)
             ... on level 2 of the Orcish Mines.
             The game lasted 00:35:15 (10946 turns).

Americanboy the Spear-Bearer (Minotaur Fighter)    Turns: 10946, Time: 00:35:15

Health: 0/112      AC: 22    Str: 44    XL:     12   Next: 19%
Magic:  11/11      EV: 15    Int: 22    God:    Cheibriados [******]
Gold:   1858       SH: 17    Dex: 25    Spells: 11/11 levels left

rFire    + + .     SeeInvis .   o - +5 spear (flame)
rCold    + + .     Gourm    .   c - +1 shield
rNeg     . . .     Faith    .   s - +4 plate armour {rC+}
rPois    .         Spirit   .   (helmet restricted)
rElec    .         Reflect  .   I - scarf {cloud immunity}
rCorr    .         Harm     +   F - +0 pair of gloves
MR       .....                  h - +0 pair of boots
Stlth    ..........             x - amulet of harm
HPRegen  0.28/turn              B - ring of Wywiut {Wiz rF++ rC+}
MPRegen  0.12/turn              D - ring "Qoros" {+Fly EV+3 Str+3 Int+2 Stlth+}

@: about to teleport, very slow
A: retaliatory headbutt, horns 2
a: Bend Time, Temporal Distortion, Slouch, Step From Time, Renounce Religion,
Evoke Flight


You were on level 2 of the Orcish Mines.
You worshipped Cheibriados.
Cheibriados was exalted by your worship.
You were full.

You visited 3 branches of the dungeon, and saw 13 of its levels.

You collected 2336 gold pieces.
You spent 478 gold pieces at shops.

Inventory:

Hand Weapons
 o - a +5 spear of flaming (weapon)
 r - the +1 war axe of Moral Flaws {flame, Stlth+}
   (You found it on level 7 of the Dungeon)

   It has been specially enchanted to burn those struck by it, causing extra
   injury to most foes and up to half again as much damage against particularly
   susceptible opponents.
   Big, fiery blades are also staple armaments of hydra-hunters.
   It makes you more stealthy.
Missiles
 k - 5 silver tomahawks (quivered)
Armour
 c - a +1 shield (worn)
 g - the +3 ring mail "Geasuhie" {rC+}
   (You found it on level 6 of the Dungeon)

   It protects you from cold.
 h - a +0 pair of boots (worn)
 s - a +4 plate armour of cold resistance (worn)
 F - a +0 pair of gloves (worn)
 I - a scarf of cloud immunity (worn)
Jewellery
 a - an uncursed amulet of guardian spirit
 e - an uncursed ring of positive energy
 i - an uncursed ring of magical power
 x - an amulet of harm (around neck)
 B - the ring of Wywiut (left hand) {Wiz rF++ rC+}
   (You acquired it on level 7 of the Dungeon)

   [ring of wizardry]

   It improves your spell success rate.
   It greatly protects you from fire.
   It protects you from cold.
 D - the ring "Qoros" (right hand) {+Fly EV+3 Str+3 Int+2 Stlth+}
   (You found it on level 8 of the Dungeon)

   [ring of evasion]

   It affects your evasion (+3).
   It affects your strength (+3).
   It affects your intelligence (+2).
   It lets you fly.
   It makes you more stealthy.
Wands
 b - a wand of paralysis (34)
 v - a wand of polymorph (11)
 w - a wand of digging (14)
 y - a wand of enslavement (27)
 z - a wand of iceblast (25)
Scrolls
 m - 9 scrolls of teleportation
 p - a scroll of fear
 q - 5 scrolls of magic mapping
 H - a scroll of remove curse
 J - 3 scrolls of identify
Potions
 d - 2 potions of might
 j - 11 potions of curing
 l - a potion of flight
 n - a potion of heal wounds
 u - a potion of invisibility
 A - 2 potions of lignification
 C - a potion of agility
 E - 2 potions of brilliance
Miscellaneous
 t - a box of beasts
 G - a lamp of fire
Comestibles
 f - 13 rations


   Skills:
 * Level 12.0 Fighting
 + Level 13.2 Polearms
 + Level 11.6 Armour
 + Level 3.7 Dodging
 - Level 0.2 Stealth
 + Level 11.5 Shields
 + Level 0.2 Evocations


You had 11 spell levels left.
You didn't know any spells.
Your spell library contained the following spells:

 Spells                   Type           Power        Failure   Level  Hunger
 Freeze                   Ice            #...         36%         1    ##.....
 Throw Flame              Conj/Fire      #.....       50%         2    ###....
 Ozocubu's Armour         Chrm/Ice       #.......     71%         3    ####...
 Regeneration             Chrm/Necr      #.........   71%         3    ####...
 Vampiric Draining        Necr           #.........   71%         3    ####...
 Cause Fear               Hex            #.........   98%         4    #####..
 Throw Icicle             Conj/Ice       #.......     98%         4    #####..
 Bolt of Magma            Conj/Fire/Erth #.........   100%        5    ######.
 Iskenderun's Battlesphe  Conj/Chrm      #.......     100%        5    ######.
 Silence                  Hex/Air        #.........   100%        5    ######.
 Summon Mana Viper        Hex/Summ       #.......     100%        5    ######.
 Venom Bolt               Conj/Pois      #.........   100%        5    ######.
 Yara's Violent Unravell  Hex/Tmut       #.........   100%        5    ######.
 Deflect Missiles         Chrm/Air       #.........   100%        6    #######
 Iron Shot                Conj/Erth      #.........   100%        6    #######
 Simulacrum               Ice/Necr       #.........   100%        6    #######
 Malign Gateway           Summ/Tloc      #.........   100%        7    #######
 Orb of Destruction       Conj           #.........   100%        7    #######
 Spellforged Servitor     Conj/Summ      #.........   100%        7    #######
 Discord                  Hex            #.........   100%        8    #######


Dungeon Overview and Level Annotations

Branches:
Dungeon (10/15)            Temple (0/1) D:5            Lair (1/6) D:8
    Orc (2/2) D:10            Elf (0/3) Orc:2

Altars:
Ashenzari
Cheibriados
Kikubaaqudgha
Makhleb
Nemelex Xobeh
Ru
Sif Muna
Trog
Uskayaw
Xom
Yredelemnul
Zin
The Shining One

Shops:
D:7 !   D:10 !   Orc:2 [


Innate Abilities, Weirdness & Mutations

You reflexively headbutt those who attack you in melee.
You have a pair of horns on your head.


Message History

You hear a shout! x3
You feel much better.
You hear a shout!
You block the orc warrior's attack. You block the troll's attack. x2
The troll barely misses you.
The orc knight hits you with a long sword!!
* * * LOW HITPOINT WARNING * * *
You feel much better. The orc warrior completely misses you.
The orc sorcerer mumbles some strange words.
You block the troll's attack. The troll claws you!
* * * LOW HITPOINT WARNING * * *
You block the troll's attack.
The orc warrior hits you from afar with a glaive.
* * * LOW HITPOINT WARNING * * *
As you read the scroll of teleportation, it crumbles to dust.
You feel strangely unstable.
The orc knight no longer looks unusually strong.
You block the orc knight's attack.
The orc warrior hits you from afar with a halberd of chopping!
You die...

#..##.......... .∩#
#.....#........ ..#
#.............. ##..
#.............. ...
#.............. #.3
#.)............ ..
##oo###.<.))......... ...
#ooTo##........#..... #.#
#@##.)..))........ #.#
##.##.............. #.#
##..##..)........... #.#
###..###...)..........
...####.####...##
#..)........... #...........###
#.)............ ######.######
#.[............ ##.######
####.....#........
#####.................#........#


You could see an orc knight, an orc high priest, a sun demon, a troll, 2 orc
warriors and an orc wizard.

Vanquished Creatures
  A hydra (Lair:1)
  A two-headed ogre (Orc:2)
  A dancing weapon (D:10)
  The ghost of Aviak the Nimble, a novice DsNe of Kikubaaqudgha (D:10)
  2 unseen horrors (D:7)
  An orc knight (Orc:2)
  A cyclops (D:7)
  3 orc sorcerers
  The ghost of Anothat the Chopper, a novice HOMo (D:5)
  Psyche (D:9)
  A spiny frog (Lair:1)
  A komodo dragon (Lair:1)
  A troll (Orc:1)
  Grinder (D:6)
  A slime creature (D:7)
  2 hippogriffs
  4 blink frogs (Lair:1)
  A vampire (D:10)
  A spriggan (D:7)
  A wyvern (D:7)
  13 yaks
  A hungry ghost (D:9)
  A warg (Orc:2)
  Edmund (D:5)
  Menkaure (D:6)
  2 water moccasins (Lair:1)
  A porcupine (Lair:1)
  13 orc warriors
  2 ice beasts
  A sky beast (D:5)
  8 ogres
  3 centaurs
  A crocodile (Lair:1)
  2 big kobolds
  5 bullfrogs
  A gnoll sergeant (D:7)
  6 scorpions
  10 killer bees
  5 wights (D:6)
  6 howler monkeys
  4 crimson imps
  A bullfrog zombie (D:5)
  2 centaur zombies
  A centaur skeleton (D:4)
  5 hounds
  A quasit (D:10)
  9 orc priests
  6 jellies
  14 orc wizards
  9 worker ants
  Terence (D:2)
  2 iguanas
  A killer bee zombie (D:6)
  3 hound skeletons
  A hound zombie (D:5)
  2 worker ant zombies
  6 gnolls
  8 adders
  3 shadow imps
  An ooze (D:1)
  An adder zombie (D:5)
  An adder skeleton (D:7)
  7 worms
  2 dart slugs
  9 leopard geckos
  40 orcs
  5 bats (D:1)
  6 giant cockroaches
  5 goblins
  12 hobgoblins
  12 jackals
  7 quokkas
  2 ball pythons
  6 frilled lizards
  8 kobolds
  A leopard gecko skeleton (D:4)
  9 rats
323 creatures vanquished.

Vanquished Creatures (others)
  An orc priest (Orc:2)
1 creature vanquished.

Grand Total: 324 creatures vanquished

Notes
Turn   | Place    | Note
-------+----------+-------------------------------------------
     0 | D:1      | Americanboy the Minotaur Fighter began the quest for the Orb.
     0 | D:1      | Reached XP level 1. HP: 19/19 MP: 0/0
    81 | D:1      | Reached XP level 2. HP: 21/27 MP: 1/1
   295 | D:1      | Reached XP level 3. HP: 23/33 MP: 2/2
   354 | D:1      | Reached skill level 3 in Polearms
  1028 | D:2      | Found a snail-covered altar of Cheibriados.
  1037 | D:2      | Became a worshipper of Cheibriados the Contemplative
  1227 | D:2      | Noticed Terence
  1238 | D:2      | Killed Terence
  1238 | D:2      | Reached XP level 4. HP: 29/40 MP: 3/3
  1429 | D:2      | Reached skill level 4 in Polearms
  1635 | D:3      | Reached XP level 5. HP: 31/46 MP: 4/4
  1654 | D:3      | Found a sparkling altar of Nemelex Xobeh.
  1729 | D:3      | Reached * piety under Cheibriados
  1759 | D:3      | Reached skill level 5 in Armour
  1760 | D:3      | Reached skill level 5 in Shields
  1766 | D:3      | Found a shattered altar of Ashenzari.
  1768 | D:3      | Found a hide-covered altar of Uskayaw.
  2138 | D:4      | Reached XP level 6. HP: 53/53 MP: 5/5
  2351 | D:4      | Reached skill level 5 in Polearms
  2447 | D:4      | Found a deep blue altar of Sif Muna.
  2578 | D:4      | Found a glowing golden altar of the Shining One.
  2590 | D:4      | Reached ** piety under Cheibriados
  2660 | D:4      | Found a burning altar of Makhleb.
  2769 | D:4      | Found an ancient bone altar of Kikubaaqudgha.
  2961 | D:5      | Entered Level 5 of the Dungeon
  2989 | D:5      | Found a runed door.
  2989 | D:5      | Noticed Anothat's ghost (novice HOMo)
  3018 | D:5      | Killed Anothat's ghost
  3018 | D:5      | Reached skill level 5 in Fighting
  3018 | D:5      | Reached skill level 6 in Polearms
  3018 | D:5      | Reached skill level 1 in Dodging
  3018 | D:5      | Reached XP level 7. HP: 13/61 MP: 6/6
  3018 | D:5      | HP: 2/61 [iguana (11)]
  3559 | D:5      | Reached XP level 8. HP: 70/70 MP: 7/7
  3574 | D:5      | Reached skill level 7 in Polearms
  3711 | D:5      | Found a staircase to the Ecumenical Temple.
  3777 | D:5      | Found a basalt altar of Yredelemnul.
  3790 | D:5      | Noticed Edmund
  3801 | D:5      | Killed Edmund
  4069 | D:6      | Reached *** piety under Cheibriados
  4083 | D:6      | Reached skill level 8 in Polearms
  4104 | D:6      | Noticed Grinder
  4109 | D:6      | Killed Grinder
  4117 | D:6      | Reached XP level 9. HP: 77/78 MP: 8/8
  4122 | D:6      | Got a scorched ring mail
  4133 | D:6      | Identified the +3 ring mail "Geasuhie" {rC+} (You found it on level 6 of the Dungeon)
  4146 | D:6      | Noticed Menkaure
  4153 | D:6      | Killed Menkaure
  4153 | D:6      | Reached skill level 9 in Polearms
  4746 | D:6      | Noticed a moth of wrath
  4769 | D:6      | Found a bloodstained altar of Trog.
  4988 | D:7      | Reached **** piety under Cheibriados
  5022 | D:7      | Found a glowing silver altar of Zin.
  5023 | D:7      | Noticed an angel
  5090 | D:7      | Noticed a cyclops
  5097 | D:7      | Killed an unseen horror
  5097 | D:7      | Reached skill level 10 in Polearms
  5104 | D:7      | Killed a cyclops
  5109 | D:7      | Reached skill level 11 in Polearms
  5163 | D:7      | Killed an unseen horror
  5163 | D:7      | Reached XP level 10. HP: 36/88 MP: 9/9
  5380 | D:7      | Got a fine war axe
  5381 | D:7      | Identified the cursed +1 war axe of Moral Flaws {flame, Stlth+} (You found it on level 7 of the Dungeon)
  5401 | D:7      | Found a runed door.
  5597 | D:7      | Found Rarawitz's Distillery.
  5605 | D:7      | Bought a potion of lignification for 39 gold pieces
  5605 | D:7      | Bought a potion of curing for 39 gold pieces
  5605 | D:7      | Bought a potion of heal wounds for 65 gold pieces
  5605 | D:7      | Bought a potion of heal wounds for 65 gold pieces
  5688 | D:7      | Reached ***** piety under Cheibriados
  5696 | D:7      | Identified a scroll of acquirement
  5697 | D:7      | Got a shimmering jade ring
  5699 | D:7      | Identified the ring of Wywiut {Wiz rF++ rC+} (You acquired it on level 7 of the Dungeon)
  6291 | D:8      | Got a steaming copper ring
  6293 | D:8      | Identified the ring "Qoros" {+Fly EV+3 Str+3 Int+2 Stlth+} (You found it on level 8 of the Dungeon)
  6737 | D:8      | Reached skill level 12 in Polearms
  6807 | D:8      | Found a staircase to the Lair.
  6841 | D:8      | Found a sacrificial altar of Ru.
  7081 | Lair:1   | Entered Level 1 of the Lair of Beasts
  7125 | Lair:1   | Identified the Guide on the Frigorific Escort
  7265 | Lair:1   | Noticed a spiny frog
  7273 | Lair:1   | Killed a spiny frog
  7275 | Lair:1   | Noticed an eight-headed hydra
  7280 | Lair:1   | Killed an eight-headed hydra
  7280 | Lair:1   | Reached XP level 11. HP: 53/97 MP: 10/10
  7294 | Lair:1   | Reached skill level 10 in Shields
  8098 | D:9      | Reached skill level 10 in Armour
  8247 | D:9      | Reached ****** piety under Cheibriados
  8305 | D:9      | Noticed Psyche
  8310 | D:9      | Paralysed by Psyche for 3 turns
  8314 | D:9      | Killed Psyche
  8314 | D:9      | Reached skill level 10 in Fighting
  8862 | D:10     | Entered Level 10 of the Dungeon
  8888 | D:10     | Found a runed door.
  8889 | D:10     | Found a shimmering altar of Xom.
  8889 | D:10     | Noticed a trident of chaos
  8889 | D:10     | Noticed Aviak's ghost (novice DsNe)
  8934 | D:10     | Killed Aviak's ghost
  8942 | D:10     | Killed a trident of chaos
  8943 | D:10     | Identified the Papyrus of Black Secrets and the Blaze
  9623 | D:10     | Found a staircase to the Orcish Mines.
  9738 | D:10     | Found Yheilyit's Distillery.
  9752 | D:10     | Bought a potion of curing for 45 gold pieces
  9752 | D:10     | Bought a potion of might for 60 gold pieces
  9752 | D:10     | Bought a potion of curing for 45 gold pieces
  9752 | D:10     | Bought a potion of heal wounds for 75 gold pieces
  9752 | D:10     | Bought a potion of curing for 45 gold pieces
 10214 | Orc:1    | Entered Level 1 of the Orcish Mines
 10221 | Orc:1    | Noticed an orc sorcerer
 10228 | Orc:1    | Reached skill level 13 in Polearms
 10230 | Orc:1    | Killed an orc sorcerer
 10344 | Orc:2    | Entered Level 2 of the Orcish Mines
 10349 | Orc:2    | Noticed a two-headed ogre
 10358 | Orc:2    | Killed a two-headed ogre
 10381 | Orc:1    | Reached XP level 12. HP: 46/110 MP: 11/11
 10724 | Orc:2    | Found a staircase to the Elven Halls.
 10918 | Orc:2    | Found Hinaesh's Antique Armour Shop.
 10939 | Orc:2    | Noticed an orc high priest
 10946 | Orc:2    | Slain by an orc warrior

Skill      XL: |  1  2  3  4  5  6  7  8  9 10 11 12 |
---------------+-------------------------------------+-----
Armour         | 4 5 6 8 9 11 | 11.6
Shields        | 4 5 6 7 9 11 | 11.5
Polearms       | 3 4 6 8 11 12 13 | 13.2
Fighting       | 4 5 6 8 9 11 12 | 12.0
Dodging        | 1 2 3 |  3.7
Stealth        | |  0.2
Evocations     | |  0.2

Action                   |  1- 3 |  4- 6 |  7- 9 | 10-12 || total
-------------------------+-------+-------+-------+-------++-------
Melee: Trident           |    90 |       |       |       ||    90
       Headbutt          |    11 |    32 |    50 |    96 ||   189
       Spear             |    11 |   142 |   171 |   470 ||   794
 Abil: Evoke Flight      |       |       |       |     1 ||     1
  Use: Scroll            |     7 |     4 |    11 |     9 ||    31
       Potion            |     1 |       |     1 |     6 ||     8
 Stab: Sleeping          |       |       |     1 |       ||     1
  Eat: Ration            |     1 |     1 |     1 |     4 ||     7
       Chunk             |     1 |       |       |       ||     1
Armor: Scale mail        |    17 |    28 |    12 |       ||    57
       Ring mail         |       |       |    17 |       ||    17
       Plate armour      |       |       |       |    91 ||    91
Dodge: Dodged            |    15 |    26 |    28 |    71 ||   140
Block: Shield            |    31 |    56 |    55 |   206 ||   348
